 Dungeon Crawl Stone Soup version 0.26.1-2-gb8aa6d0cf2 (webtiles) character file.

Game seed: 4802931814762393926

46 H0rd4k the Charlatan (level 3, -1/26 HPs)
             Began as a Human Artificer on Feb 10, 2021.
             Slain by a worm (7 damage)
             ... on level 2 of the Dungeon.
             The game lasted 00:01:52 (1760 turns).

H0rd4k the Charlatan (Human Artificer)              Turns: 1760, Time: 00:01:53

Health: -1/26      AC:  4    Str: 13    XL:     3   Next: 92%
Magic:  3/3        EV: 11    Int: 11    God:
Gold:   61         SH:  0    Dex: 13    Spells: 2/2 levels left

rFire    . . .     SeeInvis +   k - +0 short sword
rCold    . . .     Faith    +   (no shield)
rNeg     + . .     Spirit   .   b - +0 leather armour
rPois    .         Reflect  .   (no helmet)
rElec    .         Harm     .   (no cloak)
rCorr    .         Rampage  .   s - +0 pair of gloves
Will     .....                  (no boots)
Stlth    +.........             l - amulet of faith
HPRegen  0.08/turn              x - ring of see invisible
MPRegen  0.08/turn              p - ring of positive energy

@: no status effects
A: no striking features
a: no special abilities


You were on level 2 of the Dungeon.
You visited 1 branch of the dungeon, and saw 2 of its levels.

You collected 61 gold pieces.

Inventory:

Hand Weapons
 a - a +0 club
 k - a +0 short sword (weapon)
Missiles
 t - 32 poisoned darts
Armour
 b - a +0 leather armour (worn)
 s - a +0 pair of gloves (worn)
Jewellery
 l - an amulet of faith (around neck)
 p - a ring of positive energy (right hand)
 x - a ring of see invisible (left hand)
Wands
 c - a wand of flame (9) (quivered)
 d - a wand of enslavement (15)
 e - a wand of random effects (15)
Scrolls
 f - a scroll of teleportation {unknown}
 g - 3 scrolls of identify {unknown}
 h - a scroll of remove curse
 o - a scroll of blinking
 q - a scroll of enchant armour {unknown}
 v - a scroll of fog {unknown}
 w - a scroll of fear {unknown}
 y - a scroll of noise {unknown}
Potions
 i - 3 potions of haste {unknown}
 j - a potion of curing {unknown}
 m - 2 potions of mutation {unknown}
 n - 2 potions of invisibility {unknown}
 r - a potion of attraction {unknown}
 u - a potion of heal wounds {unknown}


   Skills:
 + Level 1.1 Fighting
 + Level 1.0 Short Blades
 + Level 2.4 Armour
 + Level 1.1 Dodging
 + Level 1.1 Stealth
 + Level 3.8 Evocations


You had 2 spell levels left.
You didn't know any spells.
Your spell library was empty.

Dungeon Overview and Level Annotations

Branches:
Dungeon (2/15)

Altars:


Message History

You hit the worm.
The worm is lightly wounded.
The worm bites you!
You hit the worm.
The worm is lightly wounded.
The worm bites you.
You barely miss the worm. You hit the worm.
The worm is moderately wounded.
The worm bites you.
You hit the worm.
The worm is heavily wounded.
You hit the worm.
The worm is heavily wounded.
The worm bites you!
* * * LOW HITPOINT WARNING * * *
You barely miss the worm.
The worm is heavily wounded.
The worm bites you!
You die...

#.........##.#
#.###...###
####...#####.# #.# #...#
#...# #. #.# #...# #...#
#.# #.# ##.## ##.## #.#
#.# .#### ######.# #.#
#.# ... .†.....# #.# #.#
### ..######
#<#########.# ..####
#...@ww...#.# .....#
#<.######.#.# .....#
##...####....
.....#######.###.##.#.#
## ...#.........#
#.#....#..# ####
...#.#######.###........#
#... ...#.#
##...###..#.## #.##
##.#(# ##.##
#.#.########.## #.#.#
##.####.###...##<....


You could see a worm and a dart slug.

Vanquished Creatures
  3 worms (D:2)
  2 dart slugs
  3 giant cockroaches
  5 goblins
  6 hobgoblins
  2 kobolds (D:1)
  2 quokkas (D:2)
  2 bats
  4 frilled lizards
  2 rats
31 creatures vanquished.

Notes
Turn   | Place    | Note
-------+----------+-------------------------------------------
     0 | D:1      | H0rd4k the Human Artificer began the quest for the Orb.
     0 | D:1      | Reached XP level 1. HP: 15/15 MP: 1/1
    72 | D:1      | Reached XP level 2. HP: 16/21 MP: 2/2
   767 | D:2      | Reached XP level 3. HP: 11/26 MP: 3/3
  1588 | D:2      | Reached skill level 1 in Short Blades
  1760 | D:2      | Slain by a worm

Illustrated notes

Levels and vault maps discovered:
D:1:      amcnicky_arrival_feature_with_door, layout_rooms
D:2:      layout_loops_ring, tgw_trog

Skill      XL: |  1  2  3 |
---------------+----------+-----
Short Blades   | 1 |  1.0
Fighting       | |  1.1
Armour         | |  2.4
Dodging        | |  1.1
Stealth        | |  1.1
Evocations     | |  3.8

Action                   || total
-------------------------++-------
Melee: Club              ||    16
       Short sword       ||   132
Evoke: Wand              ||     6
  Use: Scroll            ||     2
Armor: Leather armour    ||    41
Dodge: Dodged            ||    75
